 Dungeon Crawl Stone Soup version 0.22.1-1-ga44c0e5 (webtiles) character file.

612 JeffiDaFish the Reanimator (level 7, 0/36 HPs)
             Began as a Deep Elf Necromancer on Oct 5, 2018.
             Slain by a quasit (2 damage)
             ... while paralysed
             ... on level 3 of the Dungeon.
             The game lasted 00:09:24 (4526 turns).

JeffiDaFish the Reanimator (Deep Elf Necromancer)   Turns: 4526, Time: 00:09:25

Health: 0/36       AC:  2    Str:  8      XL:     7   Next: 20%
Magic:  18/18      EV:  2    Int: 19 (22) God:
Gold:   253        SH:  0    Dex:  0 (15) Spells: 11/19 levels left

rFire    . . .     SeeInvis .   k - +1 short sword (protect)
rCold    . . .     Gourm    .   (no shield)
rNeg     . . .     Faith    .   a - +0 robe
rPois    .         Spirit   .   (no helmet)
rElec    .         Reflect  .   (no cloak)
rCorr    .         Harm     .   (no gloves)
MR       .....                  (no boots)
Stlth    ..........             (no amulet)
HPRegen  0.12/turn              b - +3 ring of strength
MPRegen  0.16/turn              d - ring of stealth

@: paralysed, slowed, lost dexterity
A: no striking features
a: no special abilities


You were on level 3 of the Dungeon.
You were not hungry.

You visited 1 branch of the dungeon, and saw 4 of its levels.

You collected 253 gold pieces.

Inventory:

Hand Weapons
 k - a +1 short sword of protection (weapon)
Armour
 a - a +0 robe (worn)
Jewellery
 b - a +3 ring of strength (left hand)
 d - a ring of stealth (right hand)
 f - an uncursed ring of ice
 h - an uncursed ring of see invisible
 m - a cursed -2 ring of protection {unknown}
Scrolls
 i - a scroll of identify
 j - a scroll of magic mapping
Potions
 e - a potion of cancellation
 g - 2 potions of agility
Comestibles
 c - 11 rations


   Skills:
 - Level 2.4 Dodging
 - Level 2.4 Stealth
 + Level 6.5 Spellcasting
 * Level 9.1 Necromancy


You had 11 spell levels left.
You knew the following spells:

 Your Spells              Type           Power        Failure   Level  Hunger
a - Pain                  Necr           ####         1%          1    None
b - Vampiric Draining     Necr           #####.....   1%          3    ##.....
c - Animate Dead          Necr           N/A          2%          4    ####...

Your spell library contained the following spells:

 Spells                   Type           Power        Failure   Level  Hunger
 Animate Skeleton         Necr           N/A          1%          1    None
 Regeneration             Chrm/Necr      ###.......   4%          3    ##.....


Dungeon Overview and Level Annotations

Branches:
Dungeon (4/15)
 Temple: D:4-7

Altars:
Dithmenos


Message History

You climb upwards.
There is a stone staircase leading down here.
You miss the quasit.
The quasit is lightly wounded.
The quasit barely misses you. x2; The quasit closely misses you.
The quasit bites you.
* * * LOW HITPOINT WARNING * * *
The quasit closely misses you. x2
The quasit bites you but does no damage.
The quasit claws you but does no damage.
The quasit misses you. The quasit bites you.
* * * LOW HITPOINT WARNING * * *
The quasit claws you.
* * * LOW HITPOINT WARNING * * *
The quasit claws you.
* * * LOW HITPOINT WARNING * * *
You feel clumsy.
You have lost your dexterity.
The quasit bites you.
You die...

##..# #.###.# #.# #...(..).
....#######.....## #.# #........
..#.##...........# #># #........
#.#.##.#########.###.####......##
#.#.##.# ##.##>.....#.#...#
..#.##.# #####...#.#.###....####
###.##.# #.....#...#.# #.#.####.
###.##.####.###..5###.# #........
............####@####.#####.#####
###...............<.........#
......................#######
######.#########.###### #.# #.#
#.#########.# #...........#
#############


You could see a quasit.

Vanquished Creatures
  Sigmund (D:2)
  2 scorpions
  3 orc priests
  3 orc wizards
  Terence (D:3)
  A worker ant (D:4)
  3 adders (D:3)
  An ooze (D:3)
  2 dart slugs
  2 leopard geckos
  16 orcs
  2 bats
  A giant cockroach (D:3)
  8 hobgoblins
  8 jackals
  5 kobolds
  2 quokkas (D:3)
  2 ball pythons
  4 frilled lizards
  10 goblins
  12 rats
89 creatures vanquished.

Notes
Turn   | Place    | Note
-------+----------+-------------------------------------------
     0 | D:1      | JeffiDaFish the Deep Elf Necromancer began the quest for
                  | the Orb.
     0 | D:1      | Reached XP level 1. HP: 10/10 MP: 6/6
   109 | D:1      | Reached skill level 5 in Necromancy
   391 | D:1      | Reached XP level 2. HP: 13/15 MP: 4/8
  1542 | D:2      | Reached XP level 3. HP: 17/19 MP: 7/10
  1590 | D:2      | Learned a level 3 spell: Vampiric Draining
  1999 | D:2      | Noticed a scorpion
  2008 | D:2      | Killed a scorpion
  2008 | D:2      | Reached skill level 6 in Necromancy
  2008 | D:2      | Reached XP level 4. HP: 20/24 MP: 4/12
  2158 | D:2      | Noticed Sigmund
  2168 | D:2      | Killed Sigmund
  2168 | D:2      | Reached skill level 5 in Spellcasting
  2168 | D:2      | Reached skill level 7 in Necromancy
  2168 | D:2      | Reached XP level 5. HP: 26/28 MP: 4/14
  2429 | D:3      | Noticed Terence
  2430 | D:3      | Reached XP level 6. HP: 19/32 MP: 9/16
  2438 | D:3      | Killed Terence
  2753 | D:3      | Found a shadowy altar of Dithmenos.
  2756 | D:3      | Reached skill level 8 in Necromancy
  4102 | D:4      | Reached XP level 7. HP: 19/36 MP: 14/18
  4119 | D:4      | Reached skill level 9 in Necromancy
  4142 | D:4      | Learned a level 4 spell: Animate Dead
  4525 | D:3      | Lost dexterity.
  4526 | D:3      | Slain by a quasit

Skill      XL: |  1  2  3  4  5  6  7 |
---------------+----------------------+-----
Necromancy     | 5 6 7 8 9 |  9.1
Spellcasting   | 4 5 6 |  6.5
Dodging        | |  2.4
Stealth        | |  2.4

Action                   |  1- 3 |  4- 6 |  7- 9 || total
-------------------------+-------+-------+-------++-------
Melee: Short sword       |    20 |    79 |    36 ||   135
 Cast: Pain              |    37 |    57 |    11 ||   105
       Vampiric Draining |       |     9 |     5 ||    14
       Animate Dead      |       |       |     1 ||     1
  Use: Scroll            |     4 |     3 |       ||     7
       Potion            |     5 |     4 |     1 ||    10
 Stab: Sleeping          |     9 |     3 |       ||    12
  Eat: Chunk             |     2 |     4 |     2 ||     8
       Ration            |       |     1 |       ||     1
Armor: Robe              |     1 |    22 |    39 ||    62
Dodge: Dodged            |    15 |    60 |   136 ||   211
